 Dungeon Crawl Stone Soup version 0.30-a0-802-gb92711bcdf (webtiles) character file.

Game seed: 13629861683924848805

1114 dolemite99 the Magician (level 8, -25/61 HPs)
             Began as a Djinni Conjurer on Feb 24, 2023.
             Was a Believer of Fedhas.
             Annihilated by an ogre
             ... wielding a +0 giant club
              (30 damage)
             ... on level 5 of the Dungeon.
             The game lasted 00:06:36 (6289 turns).

dolemite99 the Magician (Djinni Conjurer)           Turns: 6289, Time: 00:06:36

Health: -25/61     AC:  3    Str:  6    XL:     8   Next: 60%
Gold:   170        EV: 12    Int: 22    God:    Fedhas [**....] SH:  0 Dex: 12

rFire   + + .      SeeInvis .    m - +0 rapier
rCold   . . .      Faith    .    (no shield)
rNeg    . . .      Spirit   .    a - +0 robe
rPois   ∞          Reflect  .    (no helmet)
rElec   .          Harm     .    (no cloak)
rCorr   .          Rampage  .    f - +0 pair of gloves
Will    .....                    (boots unavailable)
Stlth   ++                       (no amulet)
HPRegen 0.30/turn                i - ring of protection from cold
MPRegen 0.00/turn                (no ring)

@: flying, very slightly contaminated
A: sickness immunity, fire resistance 2, cold vulnerability 1, float, innate
caster, HP casting, extra vitality 1
a: Renounce Religion, Wall of Briars


You were on level 5 of the Dungeon.
You worshipped Fedhas.
Fedhas was pleased with you.
You visited 1 branch of the dungeon, and saw 5 of its levels.

You collected 256 gold pieces.
You spent 86 gold pieces at shops.

Inventory:

Hand Weapons
 l - a +0 sling
 m - a +0 rapier (weapon)
 n - a +0 spear
 t - a +0 sling
 w - a +0 heavy mace
Missiles
 d - 4 poisoned darts (quivered)
Armour
 a - a +0 robe (worn)
 f - a +0 pair of gloves (worn)
Magical Staves
 e - a staff of earth
Jewellery
 i - a ring of protection from cold (left hand)
 o - a ring of see invisible
Scrolls
 b - 3 scrolls of noise
 s - a scroll of magic mapping {unknown}
 u - a scroll of teleportation {unknown}
Potions
 c - 2 potions of resistance {unknown}
 g - 2 potions of heal wounds
 h - 2 potions of lignification
 j - 4 potions of curing
 k - 2 potions of brilliance
 p - a potion of experience {unknown}
 q - a potion of berserk rage
 r - a potion of invisibility {unknown}
 v - a potion of haste {unknown}


   Skills:
 + Level 5.9 Fighting
 - Level 2.1 Dodging
 - Level 1.5 Stealth
 + Level 6.5 Spellcasting


You knew the following spells:

 Your Spells              Type           Power      Damage    Failure   Level
a - Necrotise             Necr           100%       1d9       1%          1
b - Scorch                Fire           72%        2d8       1%          2
c - Magic Dart            Conj           100%       1d8       1%          1
d - Searing Ray           Conj           72%        2d7       1%          2
e - Iskenderun's Mystic   Conj/Tloc      36%        2d9       6%          4
f - Fulminant Prism       Conj/Hex       18%        3d11      6%          4
g - Dazzling Flash        Conj/Hex       72%        N/A       1%          3
h - Teleport Other        Tloc           36%        N/A       1%          3
Your spell library was empty.

Dungeon Overview and Level Annotations

Branches:
Dungeon (5/15)             Temple (0/1) D:5

Altars:
Fedhas
Nemelex Xobeh
Xom

Shops:
D:2 *   D:3 ?

Annotations:
D:5 Blork the orc


Innate Abilities, Weirdness & Mutations

You are immune to sickness and miasma.
You are immune to poison.
Your flesh is very heat resistant. (rF++)
You are vulnerable to cold. (rC-)
You float through the air rather than walking.
You learn spells naturally, not from books.
Your magical power is your life essence.
You have superior vitality. (+4 MHP)


Message History

The searing ray hits the ogre.
The ogre is lightly wounded. (Press . to maintain the ray.) Blork the orc suddenly jeers.
The searing ray hits the ogre.
The ogre is moderately wounded.
The searing ray hits the ogre.
The ogre is moderately wounded.
The searing ray hits Blork the orc.
Blork the orc is lightly wounded.
The ogre closely misses you.
The searing ray hits the ogre!
The ogre is severely wounded.
The searing ray hits Blork the orc!
Blork the orc is moderately wounded.
You finish channelling your searing ray.
Blork the orc gestures wildly while chanting.
Blork the orc seems to speed up.
Casting: Searing Ray (safe; 1% risk of failure)
Confirm with . or Enter, or press ? or * to list all spells.
Aiming: Fulminant Prism (dangerous; 6% risk of failure)
Press: ? - help, Dir - move target, f/p - ogre
Aim: an ogre, wielding a +0 giant club (severely wounded)
Okay, then.
Casting: Fulminant Prism (dangerous; 6% risk of failure)
Confirm with . or Enter, or press ? or * to list all spells.
You miscast Iskenderun's Mystic Blast.
You are very lightly contaminated with residual magic.
You feel a strange surge of energy!
Blork the orc hits you from afar with a +1 halberd of freezing!
Blork the orc freezes you.
The ogre hits you with a +0 giant club!!
* * * LOW HITPOINT WARNING * * *
You hit the ogre.
The ogre is severely wounded.
Blork the orc looks braver for a moment.
Blork the orc closely misses you.
The ogre hits you with a +0 giant club!!
You die...
Fedhas appreciates your contribution to the ecosystem.

#..... #.#... #.#.##
######### #.#... ####...
...# #.#.## ...... ..#
#.#.## ###.o####.#
#.....
##.#...O..##.###########
.......@#........#####
##.#....####.###.....#
#...........# #.###.##
#.##........# #......# #
#.######## #..^^^.#
.....######## #..^_^.#
#.###.......###..^^..#
#.# #................##
#.# #........##......#.


You could see Blork the orc (fast) and an ogre.

Vanquished Creatures
  A sky beast (D:5)
  A black bear (D:4)
  2 ogres
  2 phantoms
  A necrophage (D:4)
  A scorpion (D:4)
  A howler monkey (D:4)
  A bullfrog skeleton (D:4)
  2 hounds
  2 jellies
  An iguana (D:4)
  A scorpion zombie (D:4)
  6 adders
  12 gnolls
  3 adder zombies (D:4)
  An adder skeleton (D:4)
  2 worms
  2 dart slugs
  2 orcs (D:5)
  2 bats
  5 endoplasms
  2 giant cockroaches
  10 goblins
  9 hobgoblins
  6 jackals (D:1)
  2 quokkas
  4 ball pythons
  3 frilled lizards
  A jackal skeleton (D:4)
  A kobold (D:4)
  A quokka zombie (D:4)
  3 rats
93 creatures vanquished.

Vanquished Creatures (others)
  3 plants (D:1)
  4 withered plants (D:4)
7 creatures vanquished.

Grand Total: 100 creatures vanquished

Notes
Turn   | Place    | Note
-------+----------+-------------------------------------------
     0 | D:1      | dolemite99 the Djinni Conjurer began the quest for the Orb.
     0 | D:1      | dolemite99 set off with the following spells memorised:
                  | Magic Dart, Searing Ray, Dazzling Flash, Fulminant Prism,
                  | Iskenderun's Mystic Blast.
     0 | D:1      | Reached XP level 1. HP: 15/15 MP: 0/0
    12 | D:1      | Reached XP level 2. HP: 17/21 MP: 0/0
   449 | D:1      | Reached XP level 3. HP: 24/25 MP: 0/0
   449 | D:1      | Learned a level 1 spell: Necrotise
   787 | D:1      | Reached skill level 4 in Spellcasting
  1502 | D:2      | Found a faded altar of an unknown god.
  1517 | D:2      | Prayed at the altar of an unknown god.
  1517 | D:2      | Became a worshipper of Fedhas Madash
  1517 | D:2      | Reached * piety under Fedhas
  1549 | D:2      | Reached XP level 4. HP: 25/31 MP: 0/0
  1850 | D:2      | Found Yses's General Store.
  1959 | D:2      | Bought a potion of curing for 42 gold pieces
  2385 | D:3      | Reached skill level 1 in Fighting
  2385 | D:3      | Reached XP level 5. HP: 30/37 MP: 0/0
  2385 | D:3      | Learned a level 2 spell: Scorch
  2428 | D:3      | Found Ykegi's Magic Scroll Emporium.
  2440 | D:3      | Bought a scroll of identify for 22 gold pieces
  2440 | D:3      | Bought a scroll of identify for 22 gold pieces
  2572 | D:3      | Found a sparkling altar of Nemelex Xobeh.
  3329 | D:4      | Noticed a phantom
  3342 | D:4      | Killed a phantom
  3343 | D:4      | Reached skill level 5 in Spellcasting
  3343 | D:4      | Reached XP level 6. HP: 42/45 MP: 0/0
  3380 | D:4      | Reached ** piety under Fedhas
  3769 | D:4      | Noticed an ogre
  3778 | D:4      | Killed an ogre
  3779 | D:4      | Reached XP level 7. HP: 19/51 MP: 0/0
  3779 | D:4      | Learned a level 3 spell: Teleport Other
  5166 | D:4      | Reached skill level 6 in Spellcasting
  5166 | D:4      | Reached XP level 8. HP: 47/58 MP: 0/0
  5304 | D:5      | Entered Level 5 of the Dungeon
  5324 | D:5      | Found a staircase to the Ecumenical Temple.
  5384 | D:5      | Reached skill level 5 in Fighting
  6253 | D:5      | Found a shimmering altar of Xom.
  6283 | D:5      | Noticed Blork the orc
  6289 | D:5      | Annihilated by an ogre

Illustrated notes

Levels and vault maps discovered:
D:1:      dpeg_arrival_windows_large_door, layout_loops_corners, serial_forest,
          infiniplex_forest_end_2, infiniplex_forest_clump_tiny,
          infiniplex_forest_clump_large, infiniplex_forest_zigzag_2,
          infiniplex_forest_clump_long, minmay_misc_feat_doors
D:2:      layout_loops_ring, chequers_ecumenical_altar_island, serial_shops,
          shop
D:3:      layout_basic, nemelex_xobeh_ov_fountains_minmay, serial_shops,
          nicolae_shop_hallway_plus
D:4:      layout_loops_corners, serial_undead, serial_undead_e, serial_undead_f,
          serial_undead_c, serial_undead_d, minmay_goblin_kobold_house
D:5:      layout_loops_cross, xom_teletrap_fun,
          gammafunk_temple_overflow_elements, minmay_temple_entry_arrows,
          grunt_ministairs_15, uniq_blork_the_orc

Skill      XL: |  1  2  3  4  5  6  7  8 |
---------------+-------------------------+-----
Spellcasting   | 4 5 6 |  6.5
Fighting       | 1 2 3 4 5 |  5.9
Dodging        | |  2.1
Stealth        | |  1.5

Action                     |  1- 3 |  4- 6 |  7- 9 || total
---------------------------+-------+-------+-------++-------
  Melee: Unarmed           |     5 |       |       ||     5
         Spear             |       |     4 |       ||     4
         Rapier            |       |    10 |     3 ||    13
  Throw: Dart              |       |       |     5 ||     5
   Cast: Magic Dart        |    22 |    23 |     3 ||    48
         Searing Ray       |    18 |     8 |    10 ||    36
         Necrotise         |       |    18 |    13 ||    31
         Scorch            |       |    19 |    22 ||    41
    Use: Scroll            |       |    11 |       ||    11
         Potion            |       |     1 |     1 ||     2
 Armour: Robe              |     5 |     9 |     5 ||    19
  Dodge: Dodged            |     8 |    38 |    26 ||    72

Table legend: (Time is in decaauts)
 A = Elapsed time spent in this place.
 B = Non-inter-level travel time spent in this place.
 C = Inter-level travel time spent in this place.
 D = Time resting spent in this place.
 E = Time spent auto-exploring this place.
 F = Levels seen in this place.
 G = Mean time per level.
                   A        B        C        D        E       F      G
               +--------+--------+--------+--------+--------+-----+--------+
         Total |   6289 |   6176 |    113 |   1591 |   3719 |   5 | 1257.8 |
       Dungeon |   6289 |   6176 |    113 |   1591 |   3719 |   5 | 1257.8 |
               +--------+--------+--------+--------+--------+-----+--------+

Top non-repeatable levels by time:
     D:4: 2033 daAuts
     D:1: 1269 daAuts
     D:2: 1029 daAuts
     D:5: 985 daAuts
     D:3: 971 daAuts
